 Dungeon Crawl Stone Soup version 0.22-a0-369-gc73351f (webtiles) character file.

208 JeffiDaFish the Firebug (level 5, -10/38 HPs)
             Began as a Draconian Fire Elementalist on Apr 24, 2018.
             Killed by divine providence
             ... invoked by an orc priest
              (13 damage)
             ... on level 4 of the Dungeon.
             The game lasted 00:09:38 (2901 turns).

JeffiDaFish the Firebug (DrFE)                      Turns: 2901, Time: 00:09:38

Health: -10/38     AC:  5    Str: 10    XL:     5   Next: 55%
Magic:  1/9        EV: 10    Int: 18    God:
Gold:   27         SH:  0    Dex: 12    Spells: 2/10 levels left

rFire    . . .     SeeInvis .   k - +8 club
rCold    . . .     Gourm    .   (no shield)
rNeg     . . .     Faith    .   (armour unavailable)
rPois    .         Spirit   .   (helmet restricted)
rElec    .         Reflect  .   (no cloak)
rCorr    .         Harm     .   (no gloves)
MR       .....                  (no boots)
Stlth    ++........             (no amulet)
HPRegen  0.12/turn              d - +1 ring of evasion
MPRegen  0.11/turn              j - +2 ring of intelligence

@: very slightly contaminated, constricted
A: unfitting armour, cold-blooded, AC +5
a: no special abilities


You were on level 4 of the Dungeon.
You were not hungry.

You visited 1 branch of the dungeon, and saw 4 of its levels.

You collected 117 gold pieces.
You spent 90 gold pieces at shops.

Inventory:

Hand Weapons
 e - a +1 vampiric dagger
 k - a +8 club (weapon)
Jewellery
 c - an uncursed ring of resist corrosion
 d - a +1 ring of evasion (left hand)
 h - an uncursed ring of positive energy
 j - a +2 ring of intelligence (right hand)
Wands
 o - a wand of acid (5)
Scrolls
 a - 3 scrolls of amnesia
 f - 3 scrolls of enchant weapon
 g - 2 scrolls of remove curse
 m - a scroll of identify
Potions
 l - a potion of flight
Comestibles
 b - 4 rations
 n - 4 chunks of flesh


   Skills:
 - Level 2.1 Dodging
 - Level 1.7 Stealth
 + Level 3.0 Spellcasting
 * Level 3.8 Conjurations
 + Level 4.0 Fire Magic


You had 2 spell levels left.
You knew the following spells:

 Your Spells              Type           Power        Failure   Level  Hunger
a - Flame Tongue          Conj/Fire      ###..        3%          1    None
b - Conjure Flame         Conj/Fire      ###.....     10%         3    ###....
c - Sticky Flame          Conj/Fire      ###.....     32%         4    ####...


Dungeon Overview and Level Annotations

Branches:
Dungeon (4/15)
 Temple: D:4-7

Altars:
Zin


Innate Abilities, Weirdness & Mutations

Your plain brown scales are hard. (AC +5)
You cannot fit into any form of body armour.
You are cold-blooded and may be slowed by cold attacks.


Message History

The orc closely misses you. The orc priest closely misses you.
The ball python closely misses you. The ball python constricts you.
The orc priest casts a cantrip, but nothing happens.
The orc priest invokes the aid of Beogh against you.
Beogh smites you!
* * * LOW HITPOINT WARNING * * *
You feel better.
The ball python bites you but does no damage.
The ball python constricts you. The orc hits you.
* * * LOW HITPOINT WARNING * * *
The orc priest misses you.
You thump the orc priest!
The orc priest is heavily wounded.
The ball python bites you but does no damage.
* * * LOW HITPOINT WARNING * * *
The ball python constricts you. The orc hits you.
* * * LOW HITPOINT WARNING * * *
The orc priest invokes the aid of Beogh against you.
Beogh smites you!
You die...

o..... ..#a# ....
..#o# .....
...#.......
#.o#.......
.o+...[...
#.#......[
...######o........
.......@Soo.......
.......oo.........
.#.........##+##.
#.........##
#..........#
#..........#
##########.# #.#
#.#


You could see 4 orc priests, an orc and a ball python.

Vanquished Creatures
  A centaur zombie (D:3)
  Jessica (D:2)
  7 adders
  2 oozes
  3 dart slugs
  6 leopard geckos
  4 giant cockroaches
  10 goblins
  8 hobgoblins
  6 jackals (D:2)
  A quokka (D:3)
  A ball python (D:2)
  3 bats (D:1)
  3 frilled lizards
  7 kobolds
  A quokka skeleton (D:3)
  6 rats
70 creatures vanquished.

Notes
Turn   | Place    | Note
-------+----------+-------------------------------------------
     0 | D:1      | JeffiDaFish the Draconian Fire Elementalist began the quest for the Orb.
     0 | D:1      | Reached XP level 1. HP: 14/14 MP: 3/3
   281 | D:1      | Reached XP level 2. HP: 20/20 MP: 5/5
  1165 | D:1      | Reached XP level 3. HP: 26/26 MP: 4/6
  1678 | D:2      | Reached XP level 4. HP: 28/33 MP: 0/7
  1748 | D:2      | Noticed Jessica
  1750 | D:2      | Killed Jessica
  2296 | D:3      | Reached XP level 5. HP: 37/38 MP: 9/9
  2304 | D:3      | Learned a level 3 spell: Conjure Flame
  2309 | D:3      | Learned a level 4 spell: Sticky Flame
  2350 | D:3      | Found Zin's Purification Station.
  2353 | D:3      | Found a glowing silver altar of Zin.
  2358 | D:3      | Bought a potion of curing for 90 gold pieces
  2410 | D:3      | Reached skill level 4 in Fire Magic
  2901 | D:4      | Killed from afar by an orc priest

Vault maps used:
D:1:      lightli_arrival_flooded_house, nrook_mini_vaults
D:2:      uniq_jessica
D:3:      zin_purify, first_ration, serial_undead, serial_undead_b,
          serial_undead_b, serial_undead_c, serial_undead_f
D:4:      lemuel_round_altar, minmay_temple_entry_overgrown

Skill      XL: |  1  2  3  4  5 |
---------------+----------------+-----
Dodging        | 2 |  2.1
Conjurations   | 2 3 |  3.8
Spellcasting   | 3 |  3.0
Fire Magic     | 4 |  4.0
Stealth        | |  1.7

Action                   |  1- 3 |  4- 6 || total
-------------------------+-------+-------++-------
Melee: Unarmed           |     9 |       ||     9
       Dagger            |    48 |    17 ||    65
       Tailslap          |     2 |     6 ||     8
       Club              |       |    53 ||    53
 Cast: Flame Tongue      |    41 |    10 ||    51
       Sticky Flame      |       |     1 ||     1
  Use: Scroll            |     5 |     4 ||     9
       Potion            |     3 |     5 ||     8
 Stab: Sleeping          |     2 |     2 ||     4
  Eat: Chunk             |     3 |     4 ||     7
Armor: Skin              |    10 |    17 ||    27
Dodge: Dodged            |    43 |    51 ||    94

Table legend:
 A = Spawn XP
 B = Non-spawn XP
 C = Spawn XP percentage of total XP
 D = Spawn monster count
 E = Non-spawn monster count
 F = Spawn count percentage of total count
 G = Total turns spent on level
                    A         B        C        D         E        F      G
               +---------+---------+-------+---------+---------+-------+---------
         Total |       0 |     298 |   0.0 |       0 |      70 |   0.0 |  2901
               +---------+---------+-------+---------+---------+-------+---------
           D:1 |       0 |      48 |   0.0 |       0 |      24 |   0.0 |  1421
           D:2 |       0 |     141 |   0.0 |       0 |      31 |   0.0 |   816
           D:3 |       0 |     109 |   0.0 |       0 |      15 |   0.0 |   616
               +---------+---------+-------+---------+---------+-------+---------
